Tampa Bay Lightning vs Chicago Black Hawks

Created - Friday, May 23, 2025 at 07:16

Goals
1 2 3 OT1 SO T
Tampa Bay Lightning 0 2 0 0 1 3
Chicago Black Hawks 1 1 0 0 0 2
Shots
1 2 3 OT1 SO T
Tampa Bay Lightning 7 13 7 1 3 28
Chicago Black Hawks 10 11 8 1 3 30

1st period

1. Chicago Black Hawks , Lucas Raymond 25 (Claude Giroux 40) at 10:20 (PP)

Penalties :
Tyler Myers (TBL) for High sticking (Minor) at 10:13, Justin Faulk (CHI) for Roughing (Minor) at 15:58

2nd period

2. Tampa Bay Lightning , Roope Hintz 23 (Gustav Nyquist 16, Jason Dickinson 14) at 4:56
3. Tampa Bay Lightning , Roope Hintz 24 (Jonathan Huberdeau 20, Travis Konecny 41) at 5:38
4. Chicago Black Hawks , Leo Carlsson 26 (Trevor Zegras 28, Cole Sillinger 41) at 7:23

Penalties :
Cole Sillinger (CHI) for High sticking (Minor) at 13:31

3rd period

No Goal

Penalties :
Cole Sillinger (CHI) for Holding (Minor) at 1:43, Trevor Moore (TBL) for Tripping (Minor) at 4:23, Travis Konecny (TBL) for Hooking (Minor) at 15:04

Overtime #1

No Goal

Penalties :
No Penalty

Shootout

Tampa Bay Lightning, Trevor Moore - Goal!
Chicago Black Hawks, Claude Giroux - Shot Misses the Net
Tampa Bay Lightning, Filip Forsberg - Shot Misses the Net
Chicago Black Hawks, Lucas Raymond - Stopped by Darcy Kuemper
Tampa Bay Lightning, Kirill Kaprizov - Stopped by Alexandar Georgiev
Chicago Black Hawks, Colton Sissons - Stopped by Darcy Kuemper

Penalties :
No Penalty

Goalie Stats

Darcy Kuemper (TBL), 28 saves from 30 shots - (0.933), W, 38-14-9, 65:00 minutes
Alexandar Georgiev (CHI), 26 saves from 28 shots - (0.929), OTL, 18-21-2, 65:00 minutes

Players Stats for Tampa Bay Lightning

Player Name              G  A  P  +/- PIM S  H  SB GA TA FO     MP     PP MP  PK MP  
------------------------------------------------------------------------------------
Anze Kopitar             0  0  0   0  0   1  3  0  1  1  10/27  22:20   2:55   1:38 
Brent Burns              0  0  0   0  0   0  0  2  0  1  0/0    23:56   3:18   0:07 
Darnell Nurse            0  0  0   0  0   1  0  1  0  1  0/0    22:15   3:18   2:12 
Dylan Cozens             0  0  0   0  0   1  1  0  0  0  1/2    14:33   0:00   1:38 
Filip Forsberg           0  0  0   0  0   1  0  0  0  0  0/0    19:10   2:55   0:00 
Gustav Nyquist           0  1  1   0  0   1  0  0  0  0  1/1     8:02   0:00   0:00 
Hampus Lindholm          0  0  0   0  0   2  3  0  0  0  0/0    15:11   0:00   0:00 
Jamie Benn               0  0  0   0  0   2  3  0  0  1  3/8    17:37   2:57   0:00 
Jason Dickinson          0  1  1   0  0   1  0  2  0  0  2/5    10:22   0:00   2:27 
Jonathan Huberdeau       0  1  1   1  0   0  1  1  0  1  0/2    13:47   0:05   0:00 
Jordan Martinook         0  0  0   0  0   1  0  0  0  0  0/0     7:55   0:00   0:00 
Kirill Kaprizov          0  0  0   0  0   2  1  0  0  0  0/0    19:12   3:00   0:18 
Michael Matheson         0  0  0   1  0   0  2  2  0  0  0/0    23:12   2:39   2:12 
Moritz Seider            0  0  0   0  0   3  1  2  0  1  0/0    25:13   2:39   1:53 
Roope Hintz              2  0  2   1  0   3  1  0  0  0  8/16   18:59   2:57   0:00 
Travis Konecny           0  1  1   1  2   5  4  0  3  1  0/0    20:26   2:57   1:00 
Trevor Moore             0  0  0   0  2   3  0  0  0  0  0/0    13:30   0:05   1:09 
Tyler Myers              0  0  0   1  2   1  1  1  0  0  0/0    20:12   0:00   1:46 

Players Stats for Chicago Black Hawks

Player Name              G  A  P  +/- PIM S  H  SB GA TA FO     MP     PP MP  PK MP  
------------------------------------------------------------------------------------
Barrett Hayton           0  0  0   0  0   1  0  0  1  0  0/0    15:46   0:00   2:04 
Bobby Brink              0  0  0   0  0   3  0  0  2  0  1/1    13:36   0:00   0:00 
Caleb Jones              0  0  0  -1  0   1  0  1  1  0  0/0    14:41   0:00   0:00 
Claude Giroux            0  1  1   0  0   3  4  1  2  0  12/24  27:03   2:04   2:16 
Cole Sillinger           0  1  1   0  4   1  3  1  0  1  12/18  20:16   2:01   1:05 
Colton Sissons           0  0  0   0  0   4  0  0  0  0  4/4    20:43   2:04   2:33 
David Jiricek            0  0  0  -1  0   0  0  1  0  1  0/0    15:16   0:00   1:02 
Jack Drury               0  0  0  -1  0   0  0  0  0  0  1/5     7:17   0:00   0:00 
Jakob Pelletier          0  0  0  -1  0   0  0  0  0  0  0/0     1:27   0:00   0:00 
Joseph Veleno            0  0  0   0  0   1  3  1  0  0  6/8    14:21   0:00   0:06 
Justin Faulk             0  0  0  -1  2   2  1  0  0  0  0/0    27:06   2:10   1:38 
Leo Carlsson             1  0  1   0  0   1  1  0  0  0  0/0    16:40   2:01   0:00 
Lucas Raymond            1  0  1   0  0   8  1  0  0  0  0/0    20:56   2:04   2:47 
Noah Cates               0  0  0  -1  0   0  0  0  0  1  0/0     7:17   0:00   0:00 
Simon Nemec              0  0  0  -1  0   0  0  3  0  0  0/0    28:14   2:10   2:59 
Trevor Zegras            0  1  1   0  0   3  2  0  1  0  0/1    18:14   2:01   1:03 
Urho Vaakanainen         0  0  0   1  0   1  1  1  0  1  0/0    22:35   1:55   3:17 
Vincent Desharnais       0  0  0   1  0   1  1  1  0  0  0/0    22:32   1:55   2:58 

3 Stars

1 - Roope Hintz (TBL)
2 - Darcy Kuemper (TBL)
3 - Lucas Raymond (CHI)

Power Play

Tampa Bay Lightning - 0 on 3 Attempt(s) - 0.00%
Chicago Black Hawks - 1 on 3 Attempt(s) - 33.33%

Penalty Kill

Tampa Bay Lightning - 2 on 3 Attempt(s) - 66.67% - Score 0 goal in Penalty Kill
Chicago Black Hawks - 3 on 3 Attempt(s) - 100.00% - Score 0 goal in Penalty Kill

Team Stat

Tampa Bay Lightning - Hits : 21 - Faceoff Wins : 25 - Blocked Shots : 11 - Penalty Minutes : 6
Chicago Black Hawks - Hits : 17 - Faceoff Wins : 36 - Blocked Shots : 10 - Penalty Minutes : 6

Official

Referees : Chris Schlenker and Wes Mccauley
Linesman : Mark Shewchyk and Kiel Murchison

Game Notes

No Game Note

Finance

Level 1 -- Attendance: 4780 (79.67%) -- Ticket Income $478,000
Level 2 -- Attendance: 3500 (70.00%) -- Ticket Income $210,000
Level 3 -- Attendance: 2100 (70.00%) -- Ticket Income $73,500
Level 4 -- Attendance: 3674 (73.48%) -- Ticket Income $91,850
Luxury Box -- Attendance: 788 (78.80%) -- Ticket Income $157,600
Game was played at the United Center.
Total Attendance: 14842 (74.21%)
Total Ticket Income: $1,010,950
Other Income: $353,832
Total Income: $1,364,782

Tampa Bay Lightning

5 vs 5 Forward 
   Center                   Left Wing                Right Wing               Time % Phy DF OF 
 1 Anze Kopitar             Kirill Kaprizov          Filip Forsberg           38     0   2  3  
 2 Roope Hintz              Travis Konecny           Jonathan Huberdeau       32     0   3  2  
 3 Jamie Benn               Dylan Cozens             Trevor Moore             25     0   2  3  
 4 Jason Dickinson          Jordan Martinook         Gustav Nyquist           5      0   2  3  

5 vs 5 Defense 
   Defense                  Defense                                           Time % Phy DF OF 
 1 Moritz Seider            Brent Burns                                       36     1   3  1  
 2 Michael Matheson         Tyler Myers                                       34     1   3  1  
 3 Darnell Nurse            Hampus Lindholm                                   30     1   3  1  
 4 Moritz Seider            Michael Matheson                                  0      1   2  2  

PowerPlay Forward 
   Center                   Left Wing                Right Wing               Time % Phy DF OF 
 1 Anze Kopitar             Kirill Kaprizov          Filip Forsberg           50     1   2  2  
 2 Roope Hintz              Jamie Benn               Travis Konecny           50     1   2  2  

PowerPlay Defense
   Defense                  Defense                                           Time % Phy DF OF 
 1 Michael Matheson         Moritz Seider                                     50     1   2  2  
 2 Brent Burns              Darnell Nurse                                     50     1   2  2  

Penalty Kill 4 Players Forward 
   Center                   Wing                     Time % Phy DF OF 
 1 Jason Dickinson          Trevor Moore             50     1   2  2  
 2 Anze Kopitar             Dylan Cozens             50     1   2  2  

Penalty Kill 4 Players Defense
   Defense                  Defense                  Time % Phy DF OF 
 1 Moritz Seider            Tyler Myers              50     1   2  2  
 2 Michael Matheson         Darnell Nurse            50     1   2  2  

Penalty Kill - 3 Players Forward 
   Forward                                           Time % Phy DF OF 
 1 Anze Kopitar                                      50     1   2  2  
 2 Jason Dickinson                                   50     1   2  2  

Penalty Kill - 3 Players Defense
   Defense                  Defense                  Time % Phy DF OF 
 1 Michael Matheson         Darnell Nurse            50     1   2  2  
 2 Moritz Seider            Tyler Myers              50     1   2  2  

4 vs 4 Forward 
   Center                   Wing                     Time % Phy DF OF 
 1 Jamie Benn               Travis Konecny           50     1   2  2  
 2 Anze Kopitar             Roope Hintz              50     1   2  2  

4 vs 4 Defense
   Defense                  Defense                  Time % Phy DF OF 
 1 Michael Matheson         Moritz Seider            50     1   2  2  
 2 Brent Burns              Tyler Myers              50     1   2  2  

Last Minutes Offensive
   Center                   Left Wing                Right Wing               Defense                  Defense                  
   Anze Kopitar             Kirill Kaprizov          Filip Forsberg           Michael Matheson         Moritz Seider            

Last Minutes Defensive
   Center                   Left Wing                Right Wing               Defense                  Defense                  
   Anze Kopitar             Jason Dickinson          Travis Konecny           Moritz Seider            Hampus Lindholm          

Goaltenders
Starting : Darcy Kuemper            
Backup : Jeremy Swayman           

Extra Forwards
Normal : Travis Konecny, Filip Forsberg, Jamie Benn - PP : Jonathan Huberdeau, Trevor Moore - PK : Travis Konecny
Extra Defensemen
Normal : Darnell Nurse, Michael Matheson, Moritz Seider - PP : Moritz Seider - PK : Brent Burns, Darnell Nurse
Penalty Shots
Trevor Moore, Filip Forsberg, Kirill Kaprizov, Anze Kopitar, Jonathan Huberdeau

Scratches
None

Chicago Black Hawks

5 vs 5 Forward 
   Center                   Left Wing                Right Wing               Time % Phy DF OF 
 1 Claude Giroux            Lucas Raymond            Colton Sissons           30     1   2  2  
 2 Cole Sillinger           Trevor Zegras            Leo Carlsson             30     1   2  2  
 3 Joseph Veleno            Barrett Hayton           Bobby Brink              25     1   2  2  
 4 Jack Drury               Noah Cates               Claude Giroux            15     1   2  2  

5 vs 5 Defense 
   Defense                  Defense                                           Time % Phy DF OF 
 1 Justin Faulk             Simon Nemec                                       30     1   2  2  
 2 Urho Vaakanainen         Vincent Desharnais                                30     1   2  2  
 3 Caleb Jones              David Jiricek                                     25     1   2  2  
 4 Justin Faulk             Simon Nemec                                       15     1   2  2  

PowerPlay Forward 
   Center                   Left Wing                Right Wing               Time % Phy DF OF 
 1 Claude Giroux            Lucas Raymond            Colton Sissons           50     1   2  2  
 2 Cole Sillinger           Trevor Zegras            Leo Carlsson             50     1   2  2  

PowerPlay Defense
   Defense                  Defense                                           Time % Phy DF OF 
 1 Justin Faulk             Simon Nemec                                       50     1   2  2  
 2 Urho Vaakanainen         Vincent Desharnais                                50     1   2  2  

Penalty Kill 4 Players Forward 
   Center                   Wing                     Time % Phy DF OF 
 1 Claude Giroux            Lucas Raymond            50     1   2  2  
 2 Colton Sissons           Cole Sillinger           50     1   2  2  

Penalty Kill 4 Players Defense
   Defense                  Defense                  Time % Phy DF OF 
 1 Justin Faulk             Simon Nemec              50     1   2  2  
 2 Urho Vaakanainen         Vincent Desharnais       50     1   2  2  

Penalty Kill - 3 Players Forward 
   Forward                                           Time % Phy DF OF 
 1 Claude Giroux                                     50     1   2  2  
 2 Lucas Raymond                                     50     1   2  2  

Penalty Kill - 3 Players Defense
   Defense                  Defense                  Time % Phy DF OF 
 1 Justin Faulk             Simon Nemec              50     1   2  2  
 2 Urho Vaakanainen         Vincent Desharnais       50     1   2  2  

4 vs 4 Forward 
   Center                   Wing                     Time % Phy DF OF 
 1 Claude Giroux            Lucas Raymond            50     1   2  2  
 2 Colton Sissons           Cole Sillinger           50     1   2  2  

4 vs 4 Defense
   Defense                  Defense                  Time % Phy DF OF 
 1 Justin Faulk             Simon Nemec              50     1   2  2  
 2 Urho Vaakanainen         Vincent Desharnais       50     1   2  2  

Last Minutes Offensive
   Center                   Left Wing                Right Wing               Defense                  Defense                  
   Claude Giroux            Lucas Raymond            Colton Sissons           Justin Faulk             Simon Nemec              

Last Minutes Defensive
   Center                   Left Wing                Right Wing               Defense                  Defense                  
   Claude Giroux            Lucas Raymond            Colton Sissons           Justin Faulk             Simon Nemec              

Goaltenders
Starting : Alexandar Georgiev       
Backup : Adin Hill                

Extra Forwards
Normal : Jakob Pelletier, Joseph Veleno, Barrett Hayton - PP : Jakob Pelletier, Joseph Veleno - PK : Barrett Hayton
Extra Defensemen
Normal : Caleb Jones, David Jiricek, Urho Vaakanainen - PP : Caleb Jones - PK : David Jiricek, Urho Vaakanainen
Penalty Shots
Claude Giroux, Lucas Raymond, Colton Sissons, Cole Sillinger, Trevor Zegras

Scratches
Brett Howden (Healthy), Jon Merrill (Healthy), Shane Wright (Healthy), Antonio Stranges (Healthy), Filip Gustavsson (Healthy)

% Time on Ice - Tampa Bay Lightning

Lines # - Real PCT - Wanted PCT - Time Play
Normal Forward
1 - 30% - 38% - 15:11
2 - 30% - 32% - 14:51
3 - 24% - 25% - 12:01
4 - 16% - 5% - 7:55
Normal Defense
1 - 35% - 36% - 17:40
2 - 33% - 34% - 16:41
3 - 30% - 30% - 15:11
4 - 1% - 0% - 0:26
PP Forward
1 - 50% - 50% - 3:00
2 - 50% - 50% - 2:57
PP Defense
1 - 45% - 50% - 2:39
2 - 55% - 50% - 3:18
PK Forward
1 - 57% - 50% - 2:20
2 - 43% - 50% - 1:45
PK Defense
1 - 46% - 50% - 1:53
2 - 54% - 50% - 2:12
PK3 Forward
1 - 0% - 50%
2 - 0% - 50%
PK3 Defense
1 - 0% - 50%
2 - 0% - 50%
44 Forward
1 - 51% - 50% - 2:34
2 - 49% - 50% - 2:26
44 Defense
1 - 52% - 50% - 2:35
2 - 48% - 50% - 2:25
Last Minute Offensive  - 0:00
Last Minute Defensive  - 0:00
Total
Forward - 65:00
Defense - 65:00

% Time on Ice - Chicago Black Hawks

Lines # - Real PCT - Wanted PCT - Time Play
Normal Forward
1 - 28% - 30% - 13:55
2 - 30% - 30% - 15:10
3 - 27% - 25% - 13:36
4 - 15% - 15% - 7:17
Normal Defense
1 - 30% - 30% - 14:47
2 - 31% - 30% - 15:18
3 - 28% - 25% - 14:11
4 - 11% - 15% - 5:42
PP Forward
1 - 51% - 50% - 2:04
2 - 49% - 50% - 2:01
PP Defense
1 - 53% - 50% - 2:10
2 - 47% - 50% - 1:55
PK Forward
1 - 39% - 50% - 2:19
2 - 61% - 50% - 3:38
PK Defense
1 - 50% - 50% - 2:59
2 - 50% - 50% - 2:58
PK3 Forward
1 - 0% - 50%
2 - 0% - 50%
PK3 Defense
1 - 0% - 50%
2 - 0% - 50%
44 Forward
1 - 49% - 50% - 2:28
2 - 51% - 50% - 2:32
44 Defense
1 - 52% - 50% - 2:36
2 - 48% - 50% - 2:24
Last Minute Offensive  - 0:00
Last Minute Defensive  - 0:00
Total
Forward - 65:00
Defense - 65:00

Play-by-Play

1st period


0:01 of 1st period - Claude Giroux wins face-off versus Anze Kopitar in neutral zone.
0:16 of 1st period - Slapshot by Lucas Raymond.
0:16 of 1st period - Stopped by Darcy Kuemper without a rebound.
0:17 of 1st period - Roope Hintz wins face-off versus Trevor Zegras in Tampa Bay Lightning zone.
1:03 of 1st period - Darnell Nurse is hit by Vincent Desharnais and loses puck.
1:32 of 1st period - Snap shot by Jason Dickinson.
1:32 of 1st period - Shot Hit the Post.
2:51 of 1st period - Hampus Lindholm is hit by Justin Faulk and loses puck.
2:58 of 1st period - Darnell Nurse is hit by Claude Giroux and loses puck.
3:16 of 1st period - Darnell Nurse is hit by Urho Vaakanainen and loses puck.
3:41 of 1st period - Wrist shot by Filip Forsberg.
3:41 of 1st period - Shot Misses the Net.
3:49 of 1st period - Wrist shot by Filip Forsberg.
3:49 of 1st period - Shot Misses the Net.
4:16 of 1st period - Off-side.
4:17 of 1st period - Jamie Benn wins face-off versus Jack Drury in neutral zone.
5:00 of 1st period - Snap shot by Roope Hintz.
5:00 of 1st period - Shot Misses the Net.
5:02 of 1st period - Wrist shot by Tyler Myers.
5:02 of 1st period - Shot Blocked by David Jiricek.
6:26 of 1st period - Lucas Raymond is hit by Hampus Lindholm and loses puck.
6:37 of 1st period - Vincent Desharnais is hit by Jamie Benn.
6:45 of 1st period - Vincent Desharnais is hit by Jamie Benn and loses puck.
7:07 of 1st period - Slapshot by Claude Giroux.
7:07 of 1st period - Shot Misses the Net.
7:09 of 1st period - Wrist shot by Claude Giroux.
7:09 of 1st period - Stopped by Darcy Kuemper with a rebound.
7:11 of 1st period - Snap shot by Colton Sissons.
7:11 of 1st period - Deflect By Lucas Raymond.
7:11 of 1st period - Stopped by Darcy Kuemper with a rebound.
7:13 of 1st period - Snap shot by Colton Sissons.
7:13 of 1st period - Stopped by Darcy Kuemper with a rebound.
7:15 of 1st period - Slapshot by Vincent Desharnais.
7:15 of 1st period - Shot Misses the Net.
7:17 of 1st period - Wrist shot by Colton Sissons.
7:17 of 1st period - Shot Misses the Net.
7:19 of 1st period - Slapshot by Vincent Desharnais.
7:19 of 1st period - Deflect By Colton Sissons.
7:19 of 1st period - Stopped by Darcy Kuemper with a rebound.
7:21 of 1st period - Slapshot by Claude Giroux.
7:21 of 1st period - Stopped by Darcy Kuemper without a rebound.
7:22 of 1st period - Cole Sillinger wins face-off versus Anze Kopitar in Tampa Bay Lightning zone.
7:35 of 1st period - Leo Carlsson is hit by Moritz Seider and loses puck.
7:53 of 1st period - Snap shot by Cole Sillinger.
7:53 of 1st period - Shot Misses the Net.
7:55 of 1st period - Snap shot by Cole Sillinger.
7:55 of 1st period - Shot Blocked by Jason Dickinson.
7:57 of 1st period - Wrist shot by Cole Sillinger.
7:57 of 1st period - Shot Misses the Net.
7:59 of 1st period - Wrist shot by Leo Carlsson.
7:59 of 1st period - Shot Blocked by Brent Burns.
8:01 of 1st period - Snap shot by Trevor Zegras.
8:01 of 1st period - Shot Blocked by Brent Burns.
8:03 of 1st period - Backhand shot by Leo Carlsson.
8:03 of 1st period - Deflect By Trevor Zegras.
8:03 of 1st period - Stopped by Darcy Kuemper without a rebound.
8:04 of 1st period - Anze Kopitar wins face-off versus Joseph Veleno in Tampa Bay Lightning zone.
8:38 of 1st period - Slapshot by Justin Faulk.
8:38 of 1st period - Stopped by Darcy Kuemper with a rebound.
8:41 of 1st period - Icing by Roope Hintz.
8:42 of 1st period - Joseph Veleno wins face-off versus Jonathan Huberdeau in Tampa Bay Lightning zone.
8:49 of 1st period - Slapshot by Roope Hintz.
8:49 of 1st period - Shot Misses the Net.
8:51 of 1st period - Slapshot by Hampus Lindholm.
8:51 of 1st period - Stopped by Alexandar Georgiev with a rebound.
8:53 of 1st period - Slapshot by Hampus Lindholm.
8:53 of 1st period - Deflect By Barrett Hayton.
8:53 of 1st period - Stopped by Alexandar Georgiev without a rebound.
8:54 of 1st period - Anze Kopitar wins face-off versus Claude Giroux in Chicago Black Hawks zone.
9:07 of 1st period - Wrist shot by Filip Forsberg.
9:07 of 1st period - Shot Misses the Net.
9:09 of 1st period - Backhand shot by Filip Forsberg.
9:09 of 1st period - Deflect By Kirill Kaprizov.
9:09 of 1st period - Shot Blocked by Simon Nemec.
9:09 of 1st period - Puck is out of play.
9:10 of 1st period - Roope Hintz wins face-off versus Cole Sillinger in Chicago Black Hawks zone.
9:11 of 1st period - Wrist shot by Travis Konecny.
9:11 of 1st period - Stopped by Alexandar Georgiev without a rebound.
9:12 of 1st period - Cole Sillinger wins face-off versus Roope Hintz in Chicago Black Hawks zone.
10:03 of 1st period - Wrist shot by Trevor Moore.
10:03 of 1st period - Stopped by Alexandar Georgiev without a rebound.
10:04 of 1st period - Joseph Veleno wins face-off versus Jamie Benn in Chicago Black Hawks zone.
10:04 of 1st period - Joseph Veleno is hit by Jamie Benn.
10:13 of 1st period - Minor Penalty to Tyler Myers for High sticking.
10:14 of 1st period - Claude Giroux wins face-off versus Jason Dickinson in Tampa Bay Lightning zone.
10:20 of 1st period - Wrist shot by Lucas Raymond.
10:20 of 1st period - Goal by Lucas Raymond - Tampa Bay Lightning : 0 - Chicago Black Hawks : 1.
10:21 of 1st period - Claude Giroux wins face-off versus Anze Kopitar in neutral zone.
10:48 of 1st period - Michael Matheson is hit by Cole Sillinger and loses puck.
11:31 of 1st period - Slapshot by Gustav Nyquist.
11:31 of 1st period - Deflect By Jordan Martinook.
11:31 of 1st period - Shot Misses the Net.
11:31 of 1st period - Puck is out of play.
11:32 of 1st period - Gustav Nyquist wins face-off versus Jack Drury in Chicago Black Hawks zone.
11:35 of 1st period - Wrist shot by Jason Dickinson.
11:35 of 1st period - Stopped by Alexandar Georgiev with a rebound.
12:13 of 1st period - Snap shot by Gustav Nyquist.
12:13 of 1st period - Stopped by Alexandar Georgiev with a rebound.
12:15 of 1st period - Backhand shot by Jordan Martinook.
12:15 of 1st period - Stopped by Alexandar Georgiev without a rebound.
12:16 of 1st period - Cole Sillinger wins face-off versus Anze Kopitar in Chicago Black Hawks zone.
13:00 of 1st period - Michael Matheson is hit by Lucas Raymond and loses puck.
13:51 of 1st period - Off-side.
13:52 of 1st period - Cole Sillinger wins face-off versus Roope Hintz in neutral zone.
14:06 of 1st period - Brent Burns is hit by Leo Carlsson and loses puck.
14:19 of 1st period - Anze Kopitar is hit by Joseph Veleno and loses puck.
14:31 of 1st period - Off-side.
14:32 of 1st period - Claude Giroux wins face-off versus Roope Hintz in neutral zone.
15:44 of 1st period - Off-side.
15:45 of 1st period - Roope Hintz wins face-off versus Cole Sillinger in neutral zone.
15:56 of 1st period - Snap shot by Travis Konecny.
15:56 of 1st period - Shot Blocked by Simon Nemec.
15:58 of 1st period - Minor Penalty to Justin Faulk for Roughing.
15:59 of 1st period - Colton Sissons wins face-off versus Anze Kopitar in Chicago Black Hawks zone.
15:59 of 1st period - Colton Sissons is hit by Anze Kopitar.
17:56 of 1st period - Trevor Zegras is hit by Jonathan Huberdeau and loses puck.
17:58 of 1st period - Penalty to Justin Faulk is over, Justin Faulk is back on ice.
18:07 of 1st period - Simon Nemec is hit by Hampus Lindholm and loses puck.
18:20 of 1st period - Wrist shot by Trevor Zegras.
18:20 of 1st period - Shot Misses the Net.
18:22 of 1st period - Slapshot by Caleb Jones.
18:22 of 1st period - Stopped by Darcy Kuemper without a rebound.
18:23 of 1st period - Joseph Veleno wins face-off versus Jamie Benn in Tampa Bay Lightning zone.
18:32 of 1st period - Snap shot by Barrett Hayton.
18:32 of 1st period - Shot Blocked by Tyler Myers.
18:48 of 1st period - Noah Cates is hit by Michael Matheson.
19:33 of 1st period - Snap shot by Jordan Martinook.
19:33 of 1st period - Shot Misses the Net.
Goals for this period are 0 for Tampa Bay Lightning vs 1 for Chicago Black Hawks.
Shots for this period are 7 for Tampa Bay Lightning vs 10 for Chicago Black Hawks.

2nd period


0:01 of 2nd period - Claude Giroux wins face-off versus Anze Kopitar in neutral zone.
0:06 of 2nd period - Wrist shot by Lucas Raymond.
0:06 of 2nd period - Stopped by Darcy Kuemper without a rebound.
0:07 of 2nd period - Claude Giroux wins face-off versus Anze Kopitar in Tampa Bay Lightning zone.
0:16 of 2nd period - Snap shot by Lucas Raymond.
0:16 of 2nd period - Stopped by Darcy Kuemper with a rebound.
0:27 of 2nd period - Off-side.
0:28 of 2nd period - Bobby Brink wins face-off versus Roope Hintz in neutral zone.
0:31 of 2nd period - Wrist shot by Barrett Hayton.
0:31 of 2nd period - Stopped by Darcy Kuemper with a rebound.
0:41 of 2nd period - David Jiricek is hit by Travis Konecny and loses puck.
0:58 of 2nd period - Snap shot by Filip Forsberg.
0:58 of 2nd period - Shot Blocked by Claude Giroux.
1:24 of 2nd period - Snap shot by Jason Dickinson.
1:24 of 2nd period - Shot Misses the Net.
1:26 of 2nd period - Snap shot by Jason Dickinson.
1:26 of 2nd period - Shot Misses the Net.
1:28 of 2nd period - Snap shot by Tyler Myers.
1:28 of 2nd period - Stopped by Alexandar Georgiev without a rebound.
1:29 of 2nd period - Anze Kopitar wins face-off versus Joseph Veleno in Chicago Black Hawks zone.
1:30 of 2nd period - Snap shot by Filip Forsberg.
1:30 of 2nd period - Shot Misses the Net.
1:54 of 2nd period - Cole Sillinger is hit by Travis Konecny and loses puck.
2:03 of 2nd period - Wrist shot by Travis Konecny.
2:03 of 2nd period - Stopped by Alexandar Georgiev with a rebound.
3:23 of 2nd period - Snap shot by Joseph Veleno.
3:23 of 2nd period - Stopped by Darcy Kuemper with a rebound.
4:25 of 2nd period - Gustav Nyquist is hit by Cole Sillinger and loses puck.
4:56 of 2nd period - Snap shot by Roope Hintz.
4:56 of 2nd period - Goal by Roope Hintz - Tampa Bay Lightning : 1 - Chicago Black Hawks : 1.
4:57 of 2nd period - Anze Kopitar wins face-off versus Claude Giroux in neutral zone.
5:04 of 2nd period - Backhand shot by Kirill Kaprizov.
5:04 of 2nd period - Stopped by Alexandar Georgiev without a rebound.
5:05 of 2nd period - Claude Giroux wins face-off versus Anze Kopitar in Chicago Black Hawks zone.
5:30 of 2nd period - Snap shot by Lucas Raymond.
5:30 of 2nd period - Stopped by Darcy Kuemper without a rebound.
5:31 of 2nd period - Roope Hintz wins face-off versus Cole Sillinger in Tampa Bay Lightning zone.
5:38 of 2nd period - Slapshot by Roope Hintz.
5:38 of 2nd period - Goal by Roope Hintz - Tampa Bay Lightning : 2 - Chicago Black Hawks : 1.
5:39 of 2nd period - Anze Kopitar wins face-off versus Jack Drury in neutral zone.
6:07 of 2nd period - Snap shot by Travis Konecny.
6:07 of 2nd period - Stopped by Alexandar Georgiev with a rebound.
6:09 of 2nd period - Backhand shot by Moritz Seider.
6:09 of 2nd period - Stopped by Alexandar Georgiev without a rebound.
6:10 of 2nd period - Roope Hintz wins face-off versus Cole Sillinger in Chicago Black Hawks zone.
6:17 of 2nd period - Leo Carlsson is hit by Travis Konecny.
7:06 of 2nd period - Slapshot by Jamie Benn.
7:06 of 2nd period - Stopped by Alexandar Georgiev without a rebound.
7:07 of 2nd period - Cole Sillinger wins face-off versus Jonathan Huberdeau in Chicago Black Hawks zone.
7:07 of 2nd period - Cole Sillinger is hit by Travis Konecny.
7:19 of 2nd period - Wrist shot by Cole Sillinger.
7:19 of 2nd period - Shot Misses the Net.
7:21 of 2nd period - Slapshot by Trevor Zegras.
7:21 of 2nd period - Shot Blocked by Darnell Nurse.
7:23 of 2nd period - Snap shot by Leo Carlsson.
7:23 of 2nd period - Goal by Leo Carlsson - Tampa Bay Lightning : 2 - Chicago Black Hawks : 2.
7:24 of 2nd period - Anze Kopitar wins face-off versus Claude Giroux in neutral zone.
7:40 of 2nd period - Snap shot by Claude Giroux.
7:40 of 2nd period - Deflect By Lucas Raymond.
7:40 of 2nd period - Stopped by Darcy Kuemper with a rebound.
8:13 of 2nd period - Slapshot by Justin Faulk.
8:13 of 2nd period - Stopped by Darcy Kuemper with a rebound.
8:51 of 2nd period - Off-side.
8:52 of 2nd period - Claude Giroux wins face-off versus Anze Kopitar in neutral zone.
9:07 of 2nd period - Wrist shot by Kirill Kaprizov.
9:07 of 2nd period - Shot Blocked by Caleb Jones.
9:09 of 2nd period - Snap shot by Filip Forsberg.
9:09 of 2nd period - Shot Misses the Net.
9:36 of 2nd period - Icing by Caleb Jones.
9:37 of 2nd period - Joseph Veleno wins face-off versus Jamie Benn in Chicago Black Hawks zone.
9:46 of 2nd period - Snap shot by Barrett Hayton.
9:46 of 2nd period - Shot Misses the Net.
9:48 of 2nd period - Snap shot by Caleb Jones.
9:48 of 2nd period - Deflect By Barrett Hayton.
9:48 of 2nd period - Shot Blocked by Moritz Seider.
9:48 of 2nd period - Puck is out of play.
9:49 of 2nd period - Jack Drury wins face-off versus Anze Kopitar in Tampa Bay Lightning zone.
10:19 of 2nd period - Snap shot by Cole Sillinger.
10:19 of 2nd period - Shot Blocked by Michael Matheson.
11:01 of 2nd period - Snap shot by Claude Giroux.
11:01 of 2nd period - Stopped by Darcy Kuemper with a rebound.
11:15 of 2nd period - Filip Forsberg is hit by Trevor Zegras and loses puck.
11:44 of 2nd period - Bobby Brink is hit by Roope Hintz and loses puck.
12:01 of 2nd period - Wrist shot by Jamie Benn.
12:01 of 2nd period - Shot Misses the Net.
12:06 of 2nd period - Off-side.
12:07 of 2nd period - Cole Sillinger wins face-off versus Anze Kopitar in neutral zone.
12:09 of 2nd period - Off-side.
12:10 of 2nd period - Cole Sillinger wins face-off versus Anze Kopitar in neutral zone.
12:19 of 2nd period - Snap shot by Cole Sillinger.
12:19 of 2nd period - Shot Hit the Post.
12:21 of 2nd period - Snap shot by Leo Carlsson.
12:21 of 2nd period - Shot Misses the Net.
12:23 of 2nd period - Slapshot by Urho Vaakanainen.
12:23 of 2nd period - Stopped by Darcy Kuemper without a rebound.
12:24 of 2nd period - Claude Giroux wins face-off versus Roope Hintz in Tampa Bay Lightning zone.
12:49 of 2nd period - Justin Faulk is hit by Hampus Lindholm and loses puck.
13:29 of 2nd period - Wrist shot by Kirill Kaprizov.
13:29 of 2nd period - Stopped by Alexandar Georgiev with a rebound.
13:31 of 2nd period - Minor Penalty to Cole Sillinger for High sticking.
13:32 of 2nd period - Colton Sissons wins face-off versus Jamie Benn in Chicago Black Hawks zone.
13:47 of 2nd period - Snap shot by Roope Hintz.
13:47 of 2nd period - Deflect By Claude Giroux.
13:47 of 2nd period - Shot Misses the Net.
13:47 of 2nd period - Puck is out of play.
13:48 of 2nd period - Anze Kopitar wins face-off versus Claude Giroux in Chicago Black Hawks zone.
13:55 of 2nd period - Slapshot by Filip Forsberg.
13:55 of 2nd period - Shot Misses the Net.
13:57 of 2nd period - Snap shot by Filip Forsberg.
13:57 of 2nd period - Stopped by Alexandar Georgiev with a rebound.
13:59 of 2nd period - Slapshot by Moritz Seider.
13:59 of 2nd period - Stopped by Alexandar Georgiev without a rebound.
14:00 of 2nd period - Colton Sissons wins face-off versus Roope Hintz in Chicago Black Hawks zone.
14:11 of 2nd period - Slapshot by Roope Hintz.
14:11 of 2nd period - Stopped by Alexandar Georgiev with a rebound.
14:13 of 2nd period - Slapshot by Darnell Nurse.
14:13 of 2nd period - Shot Misses the Net.
14:15 of 2nd period - Snap shot by Roope Hintz.
14:15 of 2nd period - Shot Misses the Net.
14:56 of 2nd period - Simon Nemec is hit by Anze Kopitar and loses puck.
15:31 of 2nd period - Penalty to Cole Sillinger is over, Cole Sillinger is back on ice.
16:40 of 2nd period - Off-side.
16:41 of 2nd period - Jamie Benn wins face-off versus Cole Sillinger in neutral zone.
17:00 of 2nd period - Snap shot by Lucas Raymond.
17:00 of 2nd period - Stopped by Darcy Kuemper without a rebound.
17:01 of 2nd period - Jason Dickinson wins face-off versus Claude Giroux in Tampa Bay Lightning zone.
18:07 of 2nd period - Dylan Cozens is hit by Claude Giroux and loses puck.
18:48 of 2nd period - Slapshot by Anze Kopitar.
18:48 of 2nd period - Stopped by Alexandar Georgiev with a rebound.
19:44 of 2nd period - Trevor Zegras is hit by Anze Kopitar and loses puck.
19:53 of 2nd period - Wrist shot by Kirill Kaprizov.
19:53 of 2nd period - Shot Misses the Net.
Goals for this period are 2 for Tampa Bay Lightning vs 1 for Chicago Black Hawks.
Shots for this period are 13 for Tampa Bay Lightning vs 11 for Chicago Black Hawks.

3rd period


0:01 of 3rd period - Claude Giroux wins face-off versus Anze Kopitar in neutral zone.
0:49 of 3rd period - Slapshot by Bobby Brink.
0:49 of 3rd period - Stopped by Darcy Kuemper with a rebound.
0:51 of 3rd period - Snap shot by Joseph Veleno.
0:51 of 3rd period - Shot Misses the Net.
1:13 of 3rd period - Snap shot by Anze Kopitar.
1:13 of 3rd period - Shot Blocked by Simon Nemec.
1:31 of 3rd period - Wrist shot by Travis Konecny.
1:31 of 3rd period - Stopped by Alexandar Georgiev with a rebound.
1:43 of 3rd period - Minor Penalty to Cole Sillinger for Holding.
1:44 of 3rd period - Roope Hintz wins face-off versus Claude Giroux in Chicago Black Hawks zone.
3:43 of 3rd period - Penalty to Cole Sillinger is over, Cole Sillinger is back on ice.
4:17 of 3rd period - Wrist shot by Barrett Hayton.
4:17 of 3rd period - Shot Misses the Net.
4:23 of 3rd period - Minor Penalty to Trevor Moore for Tripping.
4:24 of 3rd period - Jason Dickinson wins face-off versus Claude Giroux in Tampa Bay Lightning zone.
4:33 of 3rd period - Tyler Myers is hit by Claude Giroux and loses puck.
4:55 of 3rd period - Snap shot by Cole Sillinger.
4:55 of 3rd period - Shot Misses the Net.
4:57 of 3rd period - Wrist shot by Cole Sillinger.
4:57 of 3rd period - Stopped by Darcy Kuemper without a rebound.
4:58 of 3rd period - Anze Kopitar wins face-off versus Cole Sillinger in Tampa Bay Lightning zone.
5:09 of 3rd period - Slapshot by Trevor Zegras.
5:09 of 3rd period - Stopped by Darcy Kuemper with a rebound.
5:11 of 3rd period - Slapshot by Urho Vaakanainen.
5:11 of 3rd period - Shot Blocked by Michael Matheson.
5:13 of 3rd period - Slapshot by Vincent Desharnais.
5:13 of 3rd period - Stopped by Darcy Kuemper without a rebound.
5:14 of 3rd period - Claude Giroux wins face-off versus Jason Dickinson in Tampa Bay Lightning zone.
5:47 of 3rd period - Wrist shot by Trevor Zegras.
5:47 of 3rd period - Shot Blocked by Moritz Seider.
5:49 of 3rd period - Slapshot by Justin Faulk.
5:49 of 3rd period - Shot Misses the Net.
6:23 of 3rd period - Penalty to Trevor Moore is over, Trevor Moore is back on ice.
6:33 of 3rd period - Backhand shot by Darnell Nurse.
6:33 of 3rd period - Stopped by Alexandar Georgiev with a rebound.
6:35 of 3rd period - Slapshot by Trevor Moore.
6:35 of 3rd period - Stopped by Alexandar Georgiev without a rebound.
6:36 of 3rd period - Joseph Veleno wins face-off versus Roope Hintz in Chicago Black Hawks zone.
7:48 of 3rd period - Dylan Cozens is hit by Joseph Veleno and loses puck.
8:05 of 3rd period - Wrist shot by Travis Konecny.
8:05 of 3rd period - Stopped by Alexandar Georgiev without a rebound.
8:06 of 3rd period - Cole Sillinger wins face-off versus Anze Kopitar in Chicago Black Hawks zone.
8:16 of 3rd period - Wrist shot by Filip Forsberg.
8:16 of 3rd period - Shot Blocked by Urho Vaakanainen.
9:00 of 3rd period - Off-side.
9:01 of 3rd period - Anze Kopitar wins face-off versus Claude Giroux in neutral zone.
9:06 of 3rd period - Snap shot by Anze Kopitar.
9:06 of 3rd period - Shot Misses the Net.
9:28 of 3rd period - Moritz Seider is hit by Trevor Zegras and loses puck.
10:15 of 3rd period - Snap shot by Claude Giroux.
10:15 of 3rd period - Shot Misses the Net.
10:28 of 3rd period - Icing by Hampus Lindholm.
10:29 of 3rd period - Cole Sillinger wins face-off versus Jamie Benn in Tampa Bay Lightning zone.
10:32 of 3rd period - Snap shot by Trevor Zegras.
10:32 of 3rd period - Stopped by Darcy Kuemper without a rebound.
10:33 of 3rd period - Cole Sillinger wins face-off versus Anze Kopitar in Tampa Bay Lightning zone.
11:00 of 3rd period - Cole Sillinger is hit by Dylan Cozens and loses puck.
11:29 of 3rd period - Travis Konecny is hit by Claude Giroux and loses puck.
12:56 of 3rd period - Trevor Zegras is hit by Kirill Kaprizov and loses puck.
13:19 of 3rd period - Slapshot by Moritz Seider.
13:19 of 3rd period - Deflect By Urho Vaakanainen.
13:19 of 3rd period - Stopped by Alexandar Georgiev with a rebound.
13:58 of 3rd period - Justin Faulk is hit by Michael Matheson and loses puck.
14:21 of 3rd period - Slapshot by Trevor Moore.
14:21 of 3rd period - Shot Misses the Net.
14:49 of 3rd period - Wrist shot by Bobby Brink.
14:49 of 3rd period - Stopped by Darcy Kuemper without a rebound.
14:50 of 3rd period - Roope Hintz wins face-off versus Claude Giroux in Tampa Bay Lightning zone.
15:04 of 3rd period - Minor Penalty to Travis Konecny for Hooking.
15:05 of 3rd period - Anze Kopitar wins face-off versus Claude Giroux in Tampa Bay Lightning zone.
15:16 of 3rd period - Snap shot by Colton Sissons.
15:16 of 3rd period - Stopped by Darcy Kuemper without a rebound.
15:17 of 3rd period - Cole Sillinger wins face-off versus Jason Dickinson in Tampa Bay Lightning zone.
15:26 of 3rd period - Snap shot by Leo Carlsson.
15:26 of 3rd period - Shot Misses the Net.
15:28 of 3rd period - Slapshot by Urho Vaakanainen.
15:28 of 3rd period - Shot Blocked by Jason Dickinson.
15:30 of 3rd period - Slapshot by Trevor Zegras.
15:30 of 3rd period - Shot Misses the Net.
15:32 of 3rd period - Wrist shot by Cole Sillinger.
15:32 of 3rd period - Shot Misses the Net.
17:04 of 3rd period - Penalty to Travis Konecny is over, Travis Konecny is back on ice.
17:12 of 3rd period - Snap shot by Anze Kopitar.
17:12 of 3rd period - Shot Misses the Net.
17:14 of 3rd period - Wrist shot by Anze Kopitar.
17:14 of 3rd period - Shot Hit the Post.
17:16 of 3rd period - Snap shot by Dylan Cozens.
17:16 of 3rd period - Stopped by Alexandar Georgiev with a rebound.
17:18 of 3rd period - Wrist shot by Moritz Seider.
17:18 of 3rd period - Shot Blocked by Vincent Desharnais.
17:20 of 3rd period - Wrist shot by Dylan Cozens.
17:20 of 3rd period - Shot Blocked by Joseph Veleno.
17:22 of 3rd period - Snap shot by Travis Konecny.
17:22 of 3rd period - Shot Misses the Net.
17:39 of 3rd period - Icing by Travis Konecny.
17:40 of 3rd period - Cole Sillinger wins face-off versus Roope Hintz in Tampa Bay Lightning zone.
19:04 of 3rd period - Icing by Urho Vaakanainen.
19:05 of 3rd period - Claude Giroux wins face-off versus Anze Kopitar in Chicago Black Hawks zone.
19:24 of 3rd period - Snap shot by Trevor Moore.
19:24 of 3rd period - Stopped by Alexandar Georgiev without a rebound.
19:25 of 3rd period - Joseph Veleno wins face-off versus Dylan Cozens in Chicago Black Hawks zone.
19:40 of 3rd period - Wrist shot by Bobby Brink.
19:40 of 3rd period - Stopped by Darcy Kuemper without a rebound.
19:41 of 3rd period - Roope Hintz wins face-off versus Jack Drury in Tampa Bay Lightning zone.
19:50 of 3rd period - Backhand shot by Simon Nemec.
19:50 of 3rd period - Shot Blocked by Jonathan Huberdeau.
Goals for this period are 0 for Tampa Bay Lightning vs 0 for Chicago Black Hawks.
Shots for this period are 7 for Tampa Bay Lightning vs 8 for Chicago Black Hawks.

Overtime #1


0:01 of 1st overtime period - Jamie Benn wins face-off versus Claude Giroux in neutral zone.
0:26 of 1st overtime period - Roope Hintz is hit by Cole Sillinger and loses puck.
0:33 of 1st overtime period - Wrist shot by Colton Sissons.
0:33 of 1st overtime period - Stopped by Darcy Kuemper with a rebound.
0:49 of 1st overtime period - Snap shot by Roope Hintz.
0:49 of 1st overtime period - Deflect By Jamie Benn.
0:49 of 1st overtime period - Stopped by Alexandar Georgiev with a rebound.
0:51 of 1st overtime period - Snap shot by Jamie Benn.
0:51 of 1st overtime period - Shot Blocked by Cole Sillinger.
2:15 of 1st overtime period - Icing by Dylan Cozens.
2:16 of 1st overtime period - Dylan Cozens wins face-off versus Claude Giroux in Tampa Bay Lightning zone.
3:04 of 1st overtime period - Icing by Tyler Myers.
3:05 of 1st overtime period - Colton Sissons wins face-off versus Anze Kopitar in Tampa Bay Lightning zone.
4:21 of 1st overtime period - Brent Burns is hit by Joseph Veleno.
4:47 of 1st overtime period - Joseph Veleno is hit by Tyler Myers and loses puck.
Goals for this period are 0 for Tampa Bay Lightning vs 0 for Chicago Black Hawks.
Shots for this period are 1 for Tampa Bay Lightning vs 1 for Chicago Black Hawks.

ShootOut


5:00 of 1st overtime period - Round #1.
5:00 of 1st overtime period - Tampa Bay Lightning, Trevor Moore.
5:00 of 1st overtime period - Snap shot by Trevor Moore.
5:00 of 1st overtime period - Goal by Trevor Moore.
5:00 of 1st overtime period - Chicago Black Hawks, Claude Giroux.
5:00 of 1st overtime period - Wrist shot by Claude Giroux.
5:00 of 1st overtime period - Shot Misses the Net.
5:00 of 1st overtime period - Round #2.
5:00 of 1st overtime period - Tampa Bay Lightning, Filip Forsberg.
5:00 of 1st overtime period - Snap shot by Filip Forsberg.
5:00 of 1st overtime period - Shot Misses the Net.
5:00 of 1st overtime period - Chicago Black Hawks, Lucas Raymond.
5:00 of 1st overtime period - Wrist shot by Lucas Raymond.
5:00 of 1st overtime period - Stopped by Darcy Kuemper.
5:00 of 1st overtime period - Round #3.
5:00 of 1st overtime period - Tampa Bay Lightning, Kirill Kaprizov.
5:00 of 1st overtime period - Wrist shot by Kirill Kaprizov.
5:00 of 1st overtime period - Stopped by Alexandar Georgiev.
5:00 of 1st overtime period - Chicago Black Hawks, Colton Sissons.
5:00 of 1st overtime period - Wrist shot by Colton Sissons.
5:00 of 1st overtime period - Stopped by Darcy Kuemper.